 Dungeon Crawl Stone Soup version 0.28.0 (webtiles) character file.

Game seed: 6924819284900056260

786 themarg the Cudgeller (level 7, -7/61 HPs)
             Began as a Minotaur Berserker on Feb 8, 2022.
             Was a Priest of Trog.
             Mangled by Edmund (14 damage)
             ... on level 5 of the Dungeon.
             The game lasted 00:20:25 (4433 turns).

themarg the Cudgeller (Minotaur Berserker)          Turns: 4433, Time: 00:20:25

Health: -7/61      AC:  5    Str: 23    XL:     7   Next: 56%
Magic:  6/6        EV: 12    Int:  4    God:    Trog [***...]
Gold:   175        SH:  0    Dex: 10    Spells: 6/6 levels left

rFire   . . .      SeeInvis .   a - +0 mace
rCold   . . .      Faith    .   (no shield)
rNeg    . . .      Spirit   .   i - +2 leather armour {Will+}
rPois   .          Reflect  .   (helmet restricted)
rElec   .          Harm     .   e - +2 cloak
rCorr   .          Rampage  .   (no gloves)
Will    +++..                   (no boots)
Stlth   +.........              (no amulet)
HPRegen 1.20/turn               (no ring)
MPRegen 0.10/turn               (no ring)

@: strong-willed, corroded, on berserk cooldown, regenerating, slowed, very slow
A: horns 2, retaliatory headbutt
a: Renounce Religion, Berserk, Trog's Hand


You were on level 5 of the Dungeon.
You worshipped Trog.
Trog was most pleased with you.
You visited 1 branch of the dungeon, and saw 5 of its levels.

You collected 175 gold pieces.

Inventory:

Hand Weapons
 a - a +0 mace (weapon)
 h - a +0 dagger of venom
 p - a +0 arbalest
Missiles
 f - 4 large rocks
 g - 156 stones
 j - 2 poisoned darts
 n - 50 bolts
 q - 5 silver javelins
Armour
 d - a +0 ring mail
 e - a +2 cloak (worn)
 i - a +2 leather armour of willpower (worn)
 r - a +0 plate armour
 s - a +0 scale mail
Wands
 o - a wand of charming (7)
Scrolls
 t - a scroll of silence {unknown}
 u - a scroll of teleportation
 v - a scroll of enchant weapon {unknown}
Potions
 b - a potion of mutation {unknown}
 c - a potion of flight
 k - a potion of curing
 l - a potion of invisibility {unknown}
 m - 2 potions of haste


   Skills:
 + Level 5.3 Fighting
 + Level 0.2 Short Blades
 + Level 7.5 Maces & Flails
 + Level 6.0 Armour
 + Level 3.5 Dodging
 + Level 1.0 Stealth


You had 6 spell levels left.
You didn't know any spells.
Your spell library was empty.

Dungeon Overview and Level Annotations

Branches:
Dungeon (5/15)
 Temple: D:4-7

Altars:

Annotations:
D:5 Dowan, Duvessa, Edmund


Innate Abilities, Weirdness & Mutations

You have a pair of horns on your head.
You reflexively headbutt those who attack you in melee.


Message History

Edmund grinds his teeth, and then sighs.
The adder closely misses you. You furiously retaliate!
You headbutt the adder.
Duvessa says, "When magic and the sword combine, nothing stands against them."
The jelly closely misses you. The adder closely misses you.
Edmund says, "I might not be good at magic, but I can still kill you!"
The adder bites you.
You are poisoned.
The adder poisons you! The jelly hits you but does no damage.
You miss the adder. You headbutt the adder.
You kill the adder!
Trog accepts your kill.
You feel sick. Duvessa hits you but does no damage.
The jelly hits you but does no damage. Duvessa hits you with a +0 short sword!
You hit Duvessa.
Duvessa is severely wounded.
You feel sick. Duvessa barely misses you.
Edmund hits you with a +6 dire flail of holy wrath!
The jelly barely misses you. Duvessa closely misses you.
Edmund completely misses you. You furiously retaliate!
You headbutt Edmund, but do no damage. The jelly hits you but does no damage.
You hit Duvessa but do no damage. Your headbutt misses Duvessa.
Duvessa is severely wounded.
You feel sick. Duvessa closely misses you. x2
Edmund says, "I might not be good at magic, but I can still kill you!"
Edmund hits you with a +6 dire flail of holy wrath!
The jelly hits you. The acid corrodes you!
You are splashed with acid!
* * * LOW HITPOINT WARNING * * *
Duvessa barely misses you.
Your skin crawls.
You feel strong-willed.
You feel sick.
You are no longer poisoned.
Duvessa closely misses you. You furiously retaliate!
You headbutt Duvessa.
Edmund hits you with a +6 dire flail of holy wrath!
* * * LOW HITPOINT WARNING * * *
The jelly misses you.
Dowan mumbles some strange words.
Dowan blinks!
Edmund hits you with a +6 dire flail of holy wrath!
You die...

###..........###..........
##..e....#....###........#
+........#............)..#
#........#....#..........#
####......#ยง....##...........
#..........................##
........##....#.##...........
.......###.@e#..#......#.#..
##....###.J@.........#..#
##......##............#...
#........................#
##.....#................#
###...###....##........#
##....#....# .... #........##
... #........# #.....#
#........###.....##


You could see Edmund, Duvessa (fast), Dowan and a jelly.

Vanquished Creatures
  3 ogres
  A phantom (D:4)
  A scorpion (D:4)
  A water moccasin skeleton (D:5)
  2 bullfrog zombies (D:5)
  A hound (D:4)
  A centaur skeleton (D:5)
  An iguana (D:4)
  An orc wizard (D:4)
  A hound skeleton (D:4)
  3 gnolls (D:2)
  4 adders
  3 ufetubi
  2 worms (D:2)
  5 orcs
  2 endoplasms (D:3)
  2 giant cockroaches
  8 goblins
  7 hobgoblins
  3 jackals (D:3)
  8 quokkas
  4 ball pythons
  5 bats
  6 frilled lizards
  8 kobolds
  6 rats
89 creatures vanquished.

Notes
Turn   | Place    | Note
-------+----------+-------------------------------------------
     0 | D:1      | themarg the Minotaur Berserker began the quest for the Orb.
     0 | D:1      | Reached XP level 1. HP: 19/19 MP: 0/0
   366 | D:1      | Reached XP level 2. HP: 27/27 MP: 1/1
   402 | D:1      | Reached skill level 4 in Maces & Flails
   663 | D:1      | Found a faded altar of an unknown god.
  1043 | D:2      | Reached XP level 3. HP: 33/33 MP: 2/2
  1517 | D:2      | Reached XP level 4. HP: 7/41 MP: 3/3
  1859 | D:2      | Reached ** piety under Trog
  2169 | D:3      | Reached skill level 5 in Maces & Flails
  2987 | D:4      | Noticed an ogre
  3007 | D:4      | Reached XP level 5. HP: 45/47 MP: 4/4
  3021 | D:4      | Killed an ogre
  3169 | D:4      | Noticed a phantom
  3194 | D:4      | Killed a phantom
  3195 | D:4      | Reached skill level 6 in Maces & Flails
  3195 | D:4      | Reached XP level 6. HP: 47/55 MP: 5/5
  3424 | D:4      | Reached skill level 5 in Fighting
  3692 | D:4      | Reached *** piety under Trog
  3772 | D:4      | Reached skill level 5 in Armour
  3859 | D:4      | Reached XP level 7. HP: 56/61 MP: 6/6
  4214 | D:5      | Entered Level 5 of the Dungeon
  4238 | D:5      | Reached skill level 7 in Maces & Flails
  4312 | D:5      | Reached skill level 1 in Stealth
  4402 | D:5      | Noticed Duvessa
  4404 | D:5      | Noticed Dowan
  4414 | D:5      | Noticed Edmund
  4433 | D:5      | Mangled by Edmund

Illustrated notes

Levels and vault maps discovered:
D:1:      scummos_arrival_star, layout_loops_ring,
          dreamdust_ecumenical_altar_hidden_monk_grotto
D:2:      layout_rooms, serial_forest, infiniplex_forest_zigzag_2,
          infiniplex_forest_lined_3, infiniplex_forest_clump_curved,
          infiniplex_forest_lined_2, infiniplex_forest_end_1,
          infiniplex_forest_clump_double, infiniplex_forest_side_room,
          infiniplex_forest_end_2, nicolae_concentric_dashed_squares_mild
D:3:      layout_loops_ring, dk_noncrumbling_3
D:4:      layout_gridville
D:5:      layout_cave_pools, lightli_corner_chamber, uniq_crazy_yiuf_cottage,
          uniq_duvessa, uniq_edmund

Skill      XL: |  1  2  3  4  5  6  7 |
---------------+----------------------+-----
Fighting       | 4 5 |  5.3
Maces & Flails | 4 5 6 7 |  7.5
Armour         | 3 4 5 6 |  6.0
Dodging        | 3 |  3.5
Stealth        | 1 |  1.0
Short Blades   | |  0.2

Action                   |  1- 3 |  4- 6 |  7- 9 || total
-------------------------+-------+-------+-------++-------
Melee: Mace              |    64 |   117 |    45 ||   226
       Headbutt          |     9 |    14 |    10 ||    33
       Dagger            |    28 |       |       ||    28
       Punch             |     2 |     1 |     1 ||     4
Invok: Berserk           |     1 |       |     1 ||     2
       Trog's Hand       |       |       |     1 ||     1
  Use: Scroll            |       |       |     4 ||     4
       Potion            |       |       |     2 ||     2
Armor: Ring mail         |    53 |    14 |       ||    67
       Scale mail        |       |    43 |    22 ||    65
       Leather armour    |       |       |    15 ||    15
Dodge: Dodged            |    60 |    73 |    54 ||   187
